 Dungeon Crawl Stone Soup version 0.26-a0-638-gcca6ad1b57 (webtiles) character file.

Game seed: 13501898389702175542

60 DogServant the Chucker (level 4, 48/48 HPs)
             Began as an Ogre Hunter on Sept 14, 2020.
             Quit the game on level 2 of the Dungeon.
             The game lasted 00:03:15 (2074 turns).

DogServant the Chucker (Ogre Hunter)                Turns: 2074, Time: 00:03:16

Health: 48/48      AC:  3    Str: 17    XL:     4   Next: 6%
Magic:  4/4        EV: 10    Int: 12    God:
Gold:   76         SH:  0    Dex:  9    Spells: 3/3 levels left

rFire    . . .     SeeInvis .   a - +0 short sword
rCold    . . .     Faith    .   (no shield)
rNeg     . . .     Spirit   .   b - +0 robe
rPois    .         Reflect  .   (helmet restricted)
rElec    .         Harm     .   (no cloak)
rCorr    .         Rampage  .   (gloves unavailable)
MR       .....                  (boots unavailable)
Stlth    +.........             (no amulet)
HPRegen  0.16/turn              (no ring)
MPRegen  0.09/turn              (no ring)

@: no status effects
A: large, unfitting armour, tough skin 1
a: no special abilities


You were on level 2 of the Dungeon.
You visited 1 branch of the dungeon, and saw 2 of its levels.

You collected 76 gold pieces.

Inventory:

Hand Weapons
 a - a +0 short sword (weapon)
Missiles
 c - 5 large rocks (quivered)
 d - a throwing net
Armour
 b - a +0 robe (worn)
 i - a scarf of repulsion
Scrolls
 g - 2 scrolls of remove curse {unknown}
 h - 2 scrolls of identify {unknown}
 j - 2 scrolls of teleportation {unknown}
 k - 2 scrolls of fear {unknown}
Potions
 e - a potion of brilliance {unknown}
 f - a potion of flight {unknown}
 l - a potion of stabbing {unknown}


   Skills:
 + Level 4.0 Fighting
 + Level 5.0 Throwing
 - Level 1.7 Dodging
 - Level 0.6 Stealth


You had 3 spell levels left.
You didn't know any spells.
Your spell library was empty.

Dungeon Overview and Level Annotations

Branches:
Dungeon (2/15)

Altars:
Ashenzari
Cheibriados


Innate Abilities, Weirdness & Mutations

You are too large for most types of armour.
You have tough skin. (AC +1)


Message History

The frilled lizard bites you but does no damage.
The frilled lizard barely misses you.
You hit the frilled lizard.
You kill the frilled lizard!
You see here a frilled lizard corpse.
You see here a jackal corpse.
You start resting.
You start resting.
HP restored.
You start waiting.
Done waiting.
You see here a frilled lizard skeleton.
You see here 28 arrows.
c - 5 large rocks (gained 1)
You see here a +0 short sword.
g - 2 scrolls labeled WESAET CUSTID (gained 1)
Things that are here:
17 stones; 20 stones Unknown command.
Are you sure you want to abandon this character and quit the game? (Confirm with "yes".)

>..........######.
..................
......#....####.#.
......#......##.##
#####.##...........
#.##...#######.
#......#.....#
####...##.⌠)##
####.#.#@..()#
#......###÷###.#
#.###....÷.....#
#.#####.#......#.##...(.
#.........##.#...# .#..
#######.####>...###. ..
#.............. ..
#######...###.# . ##.##


There were no monsters in sight!

Vanquished Creatures
  An adder (D:2)
  An ooze (D:2)
  2 worms (D:2)
  4 bats (D:2)
  2 giant cockroaches (D:2)
  9 hobgoblins
  3 jackals
  4 kobolds
  3 frilled lizards (D:2)
  5 goblins
  8 rats
42 creatures vanquished.

Notes
Turn   | Place    | Note
-------+----------+-------------------------------------------
     0 | D:1      | DogServant the Ogre Hunter began the quest for the Orb.
     0 | D:1      | Reached XP level 1. HP: 22/22 MP: 1/1
   378 | D:1      | Reached XP level 2. HP: 29/29 MP: 2/2
  1039 | D:1      | Found a snail-covered altar of Cheibriados.
  1191 | D:1      | Reached XP level 3. HP: 37/37 MP: 3/3
  1556 | D:2      | Found a shattered altar of Ashenzari.
  1675 | D:2      | Reached skill level 5 in Throwing
  1675 | D:2      | Reached XP level 4. HP: 13/48 MP: 4/4
  2074 | D:2      | Quit the game

Illustrated notes

Levels and vault maps discovered:
D:1:      eino_arrival_water_star, layout_loops_ring, cheibriados_altar_1
D:2:      layout_loops_cross, nicolae_overflow_crystal_walls,
          old_standard_altar, minmay_split_cup_large

Skill      XL: |  1  2  3 |
---------------+----------+-----
Fighting       | 3 4 |  4.0
Throwing       | 5 |  5.0
Dodging        | |  1.7
Stealth        | |  0.6

Action                   |  1- 3 |  4- 6 || total
-------------------------+-------+-------++-------
Melee: Short sword       |   112 |     3 ||   115
Throw: Large rock        |    30 |       ||    30
       Throwing net      |     3 |       ||     3
Armor: Robe              |    53 |     1 ||    54
Dodge: Dodged            |    95 |     2 ||    97

Table legend: (Time is in decaauts)
 A = Elapsed time spent in this place.
 B = Non-inter-level travel time spent in this place.
 C = Inter-level travel time spent in this place.
 D = Time resting spent in this place.
 E = Time spent auto-exploring this place.
 F = Levels seen in this place.
 G = Mean time per level.
                   A        B        C        D        E       F      G
               +--------+--------+--------+--------+--------+-----+--------+
         Total |   2108 |   2086 |     22 |    380 |   1348 |   2 | 1054.0 |
       Dungeon |   2108 |   2086 |     22 |    380 |   1348 |   2 | 1054.0 |
               +--------+--------+--------+--------+--------+-----+--------+

Top non-repeatable levels by time:
     D:1: 1326 daAuts
     D:2: 781 daAuts
